 Dungeon Crawl Stone Soup version 0.31-a0-716-gc7603755dd (webtiles) character file.

Game seed: 9719919364346461614

3887 Xavori the Covert (level 10, -2/61 HPs)
             Began as an Octopode Chaos Knight on Sept 10, 2023.
             Was a Plaything of Xom.
             Slain by a human
             ... wielding a +0 glaive
              (19 damage)
             ... on level 8 of the Dungeon.
             The game lasted 00:08:40 (14042 turns).

Xavori the Covert (Octopode Chaos Knight)          Turns: 14042, Time: 00:08:41

Health: -2/61      AC:  2    Str: 20    XL:     10   Next: 19%
Magic:  11/11      EV: 15    Int: 12    God:    Xom [.....*]
Gold:   333        SH:  0    Dex: 14    Spells: 9/9 levels left

rFire   + + .        v - +1 dagger (venom)
rCold   + . .        (no shield)
rNeg    . . .        (helmet restricted)
rPois   +            s - amulet of faith
rElec   .            j - ring of Liberty {rPois rCorr}
rCorr   +            l - ring of protection from cold
SInv    .            p - ring of protection from fire
Will    +....        x - ring of willpower
Stlth   +++++++      (no ring)
HPRegen 0.30/turn    (no ring)
MPRegen 0.12/turn    (no ring)
                     (no ring)

%: clarity, faith
@: no status effects
A: almost no armour, amphibious, 8 rings, camouflage 2, gelatinous body 1,
(nimble swimmer 1), tentacles, tentacle spike 3, clarity, fire resistance 1,
frail 1, high MP 1, poison resistance, shaggy fur 1, strong 2, MP-powered wands
a: Renounce Religion


You were on level 8 of the Dungeon.
You worshipped Xom.
You were Xom's teddy bear.
You visited 1 branch of the dungeon, and saw 8 of its levels.
You also visited: Sewer.

You collected 498 gold pieces.
You spent 165 gold pieces at shops.

Inventory:

Hand Weapons
 a - a +0 short sword of chaos
 v - a +1 dagger of venom (weapon)
Missiles
 i - a throwing net
Jewellery
 j - the ring of Liberty (left tentacle) {rPois rCorr}
   (Xom gifted it to you on level 1 of the Dungeon)

   [ring of poison resistance]

   rPois:     It protects you from poison rCorr: It protects you from acid and
   corrosion.
 l - a ring of protection from cold (right tentacle)
 p - a ring of protection from fire (on tentacle)
 s - an amulet of faith (around mantle)
 x - a ring of willpower (on tentacle)
 C - a ring of willpower
Wands
 e - a wand of iceblast (5)
 n - a wand of polymorph (5)
 t - a wand of paralysis (9)
Scrolls
 b - a scroll of butterflies
 c - 5 scrolls of teleportation
 d - a scroll of brand weapon
 k - a scroll of noise
 o - a scroll of enchant armour
 r - a scroll of immolation
 y - 2 scrolls of blinking
 A - a scroll of revelation
 D - 2 scrolls of identify
 E - a scroll of fog
Potions
 f - a potion of berserk rage
 g - 7 potions of lignification
 h - 3 potions of enlightenment
 m - 2 potions of curing
 q - a potion of attraction
 u - 2 potions of invisibility {unknown}
 w - 2 potions of heal wounds
 z - a potion of resistance {unknown}
 B - a potion of magic {unknown}


   Skills:
 + Level 6.1 Fighting
 + Level 7.8 Short Blades
 + Level 5.4 Dodging
 + Level 12.2 Stealth
 * Level 5.5 Evocations


You had 9 spell levels left.
You didn't know any spells.
Your spell library contained the following spells:

 Spells                   Type           Power      Damage    Failure   Level
 Magic Dart               Conj           0%         1d3       32%         1
 Call Imp                 Summ           0%         N/A       45%         2
 Mephitic Cloud           Conj/Pois/Air  0%         N/A       69%         3


Dungeon Overview and Level Annotations

Branches:
Dungeon (8/15)             Temple (0/1) D:7           Sewer (visited)
   Lair: D:8-11

Altars:
Fedhas
Qazlal
Wu Jian

Shops:
D:3 [   D:4 ?


Innate Abilities, Weirdness & Mutations

You cannot wear most types of armour.
You are amphibious.
You can wear up to eight rings at the same time.
Your skin blends seamlessly with your surroundings (Stealth++).
Your rubbery body absorbs attacks. (AC +1, EV +1)
((You are camouflaged when in or above water. (Stealth+)))
You have tentacles for arms and can constrict up to eight enemies at once.
One of your tentacles bears a large vicious spike.
You possess an exceptional clarity of mind.
Your flesh is heat resistant. (rF+)
You are frail. (-10% HP)
You have an increased reservoir of magic. (+10% MP)
Your system is resistant to poisons. (rPois)
You are covered in fur. (AC +1)
Your muscles are very strong. (Str +8, Int/Dex -2)
You expend magic power (3 MP) to strengthen your wands.


Message History

The human closely misses you.
You closely miss the human. You grab the human.
You squeeze the human, but do no damage.
The human is severely wounded.
You constrict the human, but do no damage.
Your smoke demon hits the human. x3
You hit the human.
The human is poisoned.
You pierce the human.
You kill the human!
A human comes into view. It is wielding a +0 glaive.
Things that are here:
a +0 club; a +0 leather armour 2 humans come into view.
Found 7 gold pieces and a bubbling dark potion.
The human moves out of view.
The human throws a stone.
The stone hits your smoke demon but does no damage.
Things that are here:
a +0 club; a +0 leather armour The human throws a stone.
The stone barely misses your smoke demon.
The stone completely misses you.
Your smoke demon gestures at the human.
The sticky flame hits the human.
The human is covered in liquid flames!
The human burns!
The human completely misses you.
The human throws a stone.
The stone hits your smoke demon but does no damage.
Your smoke demon barely misses the human.
Your smoke demon hits the human but does no damage. x2
The human burns!
A wight comes into view. It is wielding a +2 flail.
The human closely misses you.
Your smoke demon closely misses the human.
Your smoke demon hits the human but does no damage.
Your smoke demon barely misses the human.
The human burns!
The human attacks as it pursues you!
The human hits you from afar with a +0 glaive!!
* * * LOW HITPOINT WARNING * * *
The human burns!
The human attacks as it pursues you!
The human hits you from afar with a +0 glaive!!
You die... "Huh?
Did I miss anything?"

..........#####
.......:......####
.......#..........
..................
..........$.......
.......†.......$..
........)......#
........)......#
.....<.<)@.....#
#####..........# #
.
##.....p...#.#$..
#...............#
#$......3........
#>........p#.....
#..:......p......
#...........z....
##...............


You could see 3 humans, a wight and a friendly smoke demon (summoned).

Vanquished Creatures
  Prince Ribbit (D:7)
  A human (D:8)
  2 steam dragons
  3 sky beasts
  2 ice beasts
  An orc warrior (D:7)
  A black bear (D:6)
  3 ogres
  2 kobold brigands (Sewer)
  6 scorpions
  A wight (D:8)
  7 killer bees (D:7)
  A lava snake (D:7)
  A crimson imp (D:4)
  5 orc priests
  4 hounds
  3 jellies
  2 gnoll boudas (D:7)
  An iguana (D:5)
  A sleepcap (D:5)
  5 orc wizards
  15 gnolls
  14 adders
  3 river rats
  A white imp (D:4)
  2 ufetubi
  5 worms
  3 dart slugs
  22 orcs
  6 endoplasms
  3 giant cockroaches
  6 goblins
  6 hobgoblins
  3 jackals (Sewer)
  7 quokkas
  3 ball pythons
  8 bats
  8 frilled lizards
  12 kobolds
  12 rats
192 creatures vanquished.

Vanquished Creatures (collateral kills)
  A water moccasin (D:7)
  An ice beast (D:7)
  2 bullfrogs (D:8)
  A gnoll bouda (D:7)
  An orc wizard (D:8)
  3 gnolls (D:7)
  An orc (D:8)
  2 hobgoblins (D:4)
12 creatures vanquished.

Grand Total: 204 creatures vanquished

Notes
Turn   | Place    | Note
-------+----------+-------------------------------------------
     0 | D:1      | Xavori the Octopode Chaos Knight began the quest for the
                  | Orb.
     0 | D:1      | Reached XP level 1. HP: 16/16 MP: 1/1
    51 | D:1      | XOM: potion effect (brilliance)
   131 | D:1      | Reached XP level 2. HP: 17/21 MP: 2/2
   160 | D:1      | XOM: silly message
   213 | D:1      | XOM: silly message
   389 | D:1      | XOM: silly message
   800 | D:1      | Reached XP level 3. HP: 26/26 MP: 3/3
   805 | D:1      | XOM: divination: magic mapping
   870 | D:1      | XOM: give mutation
   870 | D:1      | Gained mutation: You are resistant to electric shocks.
                  | (rElec) [Xom's grace]
   969 | D:1      | XOM: divination: magic mapping
   984 | D:1      | XOM: cloud trail
  1089 | D:1      | XOM: god gift: throwing net
  1367 | D:1      | XOM: god gift: 19 gold pieces
  1453 | D:1      | Identified the ring of Liberty {rPois rCorr} (Xom gifted it
                  | to you on level 1 of the Dungeon)
  1453 | D:1      | XOM: god gift: ring of Liberty {rPois rCorr}
  2151 | D:1      | XOM: give mutations
  2151 | D:1      | Gained mutation: Your muscles are strong. (Str +4, Int/Dex
                  | -1) [Xom's grace]
  2151 | D:1      | Gained mutation: You are covered in fur. (AC +1) [Xom's
                  | grace]
  2566 | D:1      | XOM: god gift: staff of air
  3109 | D:1      | XOM is BORED!
  3109 | D:1      | XOM: give mutation
  3109 | D:1      | Gained mutation: Your body sometimes deteriorates upon
                  | taking damage. [Xom's mischief]
  3478 | D:1      | XOM: give mutations
  3478 | D:1      | Gained mutation: You are somewhat resistant to further
                  | mutation. [Xom's grace]
  3478 | D:1      | Gained mutation: Your spells are a little harder to cast,
                  | but a little more powerful. [Xom's grace]
  3716 | D:1      | XOM: god gift: runed chain mail {god gift}
  4781 | D:1      | XOM: silly message
  5258 | D:1      | XOM: divination: magic mapping
  5783 | D:1      | XOM is BORED!
  5783 | D:1      | XOM: silly message
  6384 | D:1      | XOM is BORED!
  6384 | D:1      | XOM: silly message
  6492 | D:1      | XOM: noise
  6621 | D:1      | XOM: give mutation
  6621 | D:1      | Gained mutation: You expend magic power (3 MP) to
                  | strengthen your wands. [Xom's mischief]
  6869 | D:1      | XOM: cloud trail
  7141 | D:1      | XOM: silly message
  7224 | D:1      | XOM: give mutations
  7224 | D:1      | Gained mutation: Your muscles are very strong. (Str +8,
                  | Int/Dex -2) [Xom's grace]
  7224 | D:1      | Gained mutation: One of your tentacles bears a spike.
                  | [Xom's grace]
  7224 | D:1      | Gained mutation: You have a beak for a mouth. [Xom's grace]
  7352 | D:1      | XOM: 4-stop teleportation journey
  7370 | D:1      | XOM: god gift: fuming puce potion {god gift}
  7820 | D:1      | XOM is BORED!
  7965 | D:1      | XOM: scenery: 1 doors close
  8178 | D:1      | XOM: scenery: 1 doors open
  8192 | D:2      | Identified the +1 flail of Goulymen {drain, rElec rPois
                  | rC++ Str-2}
  8327 | D:2      | XOM: give mutation
  8327 | D:2      | Gained mutation: You possess an exceptional clarity of
                  | mind. [Xom's grace]
  8413 | D:2      | Reached skill level 1 in Stealth
  8491 | D:2      | Identified the +4 great sword "Qick" {flame, rN+}
  8881 | D:2      | Reached XP level 4. HP: 31/31 MP: 4/4
  9018 | D:3      | Reached skill level 2 in Stealth
  9089 | D:3      | Found Lagaetum's Antique Armour Emporium.
  9111 | D:3      | XOM: give mutations
  9111 | D:3      | Gained mutation: One of your tentacles bears a nasty spike.
                  | [Xom's grace]
  9111 | D:3      | Gained mutation: One of your tentacles bears a large
                  | vicious spike. [Xom's grace]
  9111 | D:3      | Gained mutation: Your flesh is heat resistant. (rF+) [Xom's
                  | grace]
  9486 | D:4      | Reached skill level 3 in Stealth
  9486 | D:4      | Reached XP level 5. HP: 36/36 MP: 5/5
  9509 | D:4      | Reached skill level 4 in Stealth
  9540 | D:4      | Found Huahunn's Magic Scroll Emporium.
  9548 | D:4      | Bought a scroll of identify for 22 gold pieces
  9548 | D:4      | Bought a scroll of identify for 22 gold pieces
  9548 | D:4      | Bought a scroll of identify for 22 gold pieces
  9548 | D:4      | Bought a scroll of teleportation for 33 gold pieces
  9548 | D:4      | Bought a scroll of immolation for 44 gold pieces
  9548 | D:4      | Bought a scroll of identify for 22 gold pieces
  9565 | D:4      | XOM: polymorph hound -> swamp drake
  9599 | D:4      | Noticed an ogre
  9607 | D:4      | Killed an ogre
  9608 | D:4      | Reached skill level 5 in Stealth
  9608 | D:4      | Reached XP level 6. HP: 33/42 MP: 6/6
  9683 | D:4      | Reached skill level 6 in Stealth
  9820 | D:4      | Noticed an ice beast
  9827 | D:4      | Killed an ice beast
  9828 | D:4      | Reached skill level 5 in Short Blades
  9828 | D:4      | Reached XP level 7. HP: 40/47 MP: 7/7
  9921 | D:4      | Found a stormy altar of Qazlal.
  9943 | D:4      | Reached skill level 7 in Stealth
 10101 | D:4      | XOM: give mutations
 10101 | D:4      | Lost mutation: Your spells are a little harder to cast, but
                  | a little more powerful. [Xom's mischief]
 10101 | D:4      | Gained mutation: You are agile. (Dex +4, Str/Int -1) [Xom's
                  | mischief]
 10101 | D:4      | Lost mutation: You are resistant to electric shocks.
                  | (rElec) [Xom's mischief]
 10482 | D:4      | Found a blossoming altar of Fedhas.
 10498 | D:4      | XOM: cast spell 'Chain of Chaos'
 10579 | D:5      | Entered Level 5 of the Dungeon
 10583 | D:5      | XOM: enchant monster (good)
 10630 | D:4      | Reached skill level 8 in Stealth
 10718 | D:5      | Reached skill level 1 in Evocations
 10726 | D:5      | Reached XP level 8. HP: 44/54 MP: 8/8
 10754 | D:5      | XOM: give mutation
 10754 | D:5      | Lost mutation: Your body sometimes deteriorates upon taking
                  | damage. [Xom's mischief]
 10889 | D:5      | Found a glowing drain.
 10890 | D:5      | XOM: divination: magic mapping
 10897 | Sewer    | Entered a sewer
 10956 | Sewer    | XOM: potion effect (haste)
 11046 | Sewer    | Found a white marble altar of Elyvilon.
 11142 | D:5      | XOM: fog
 11154 | D:5      | XOM: chaos upgrade
 11160 | D:5      | Reached skill level 9 in Stealth
 11239 | D:5      | XOM: 3-stop teleportation journey
 11250 | D:5      | XOM: 3-stop teleportation journey
 11386 | D:5      | XOM: give mutation
 11386 | D:5      | Lost mutation: You are covered in fur. (AC +1) [Xom's
                  | mischief]
 11719 | D:5      | XOM: noise
 11843 | D:6      | Found an ornate altar of the Wu Jian Council.
 11885 | D:6      | XOM: 6-stop teleportation journey
 11958 | D:6      | Reached skill level 10 in Stealth
 12001 | D:6      | Reached XP level 9. HP: 59/59 MP: 9/9
 12256 | D:6      | XOM: draining
 12270 | D:6      | XOM is BORED!
 12459 | D:7      | XOM: summons 1 hostile demon
 12646 | D:6      | XOM: give mutation
 12646 | D:6      | Lost mutation: You have a beak for a mouth. [Xom's
                  | mischief]
 12773 | D:7      | Reached skill level 11 in Stealth
 12782 | D:7      | XOM: give mutations
 12782 | D:7      | Lost mutation: You are somewhat resistant to further
                  | mutation. [Xom's mischief]
 12782 | D:7      | Gained mutation: You are frail. (-10% HP) [Xom's mischief]
 12782 | D:7      | Lost mutation: You are agile. (Dex +4, Str/Int -1) [Xom's
                  | mischief]
 12795 | D:7      | XOM: swap monsters
 12798 | D:7      | Reached skill level 5 in Fighting
 12876 | D:7      | XOM: 2-stop teleportation journey
 12930 | D:7      | Found a staircase to the Ecumenical Temple.
 13157 | D:7      | XOM: confuse monster(s)
 13442 | D:7      | Noticed Prince Ribbit
 13451 | D:7      | XOM: confuse monster(s)
 13454 | D:7      | Killed Prince Ribbit
 13481 | D:7      | XOM: cast spell 'Dispersal'
 13590 | D:7      | XOM: god gift: wand of iceblast (5)
 13603 | D:7      | XOM: 1-stop teleportation journey
 13683 | D:7      | XOM: scenery: summon butterflies
 13693 | D:7      | Reached skill level 5 in Evocations
 13701 | D:7      | Reached skill level 5 in Dodging
 13704 | D:7      | Reached XP level 10. HP: 23/61 MP: 10/10
 13796 | D:7      | XOM: give mutations
 13796 | D:7      | Gained mutation: Your system is resistant to poisons.
                  | (rPois) [Xom's grace]
 13796 | D:7      | Gained mutation: You are covered in fur. (AC +1) [Xom's
                  | grace]
 13977 | D:7      | XOM: give mutations
 13977 | D:7      | Gained mutation: You have an increased reservoir of magic.
                  | (+10% MP) [Xom's grace]
 13977 | D:7      | Gained mutation: Your skin blends seamlessly with your
                  | surroundings (Stealth++). [Xom's grace]
 13998 | D:8      | XOM: summons friendly smoke demon
 14000 | D:8      | Reached skill level 12 in Stealth
 14018 | D:8      | HP: 2/61 [something (5)]
 14042 | D:8      | Slain by a human

Illustrated notes

Levels and vault maps discovered:
D:1:      amcnicky_arrival_abandoned_market, layout_basic,
          roderic_roman_lattice, minmay_lizard_king
D:2:      layout_loops_corners, serial_bayou_lagoon_a, serial_bayou_pond_e
D:3:      layout_basic, serial_shops, nicolae_shop_trees
D:4:      layout_basic, fedhas_ov_isle_minmay, nicolae_qazlal_beasts_of_the_sky,
          serial_shops, shop, minmay_fire_ice_demons
D:5:      layout_loops_cross, lightli_sewer_entry_pipes, item_on_display_b
D:6:      layout_loops_ring, nicolae_wu_jian_wuxing_cycle
D:7:      layout_rooms, minmay_temple_entry_grid, kennysheep_path_1, eino_jars,
          uniq_prince_ribbit1
D:8:      layout_rooms, minmay_misc_feat_pillars, ebering_dispersal_statue_hall,
          minmay_ruffians, uniq_erica, uniq_grum

Skill      XL: |  1  2  3  4  5  6  7  8  9 10 |
---------------+-------------------------------+-----
Stealth        | 1 3 5 6 8 10 11 12 | 12.2
Short Blades   | 4 5 6 7 |  7.8
Dodging        | 3 4 5 |  5.4
Fighting       | 4 5 6 |  6.1
Evocations     | 1 3 5 |  5.5

Action                     |  1- 3 |  4- 6 |  7- 9 | 10-12 || total
---------------------------+-------+-------+-------+-------++-------
  Melee: Short sword       |    79 |    55 |    50 |       ||   184
         Constrict         |    16 |    16 |    74 |     7 ||   113
         Tentacles         |     7 |     9 |    65 |     6 ||    87
         Kick              |     5 |    22 |   108 |    10 ||   145
         Peck              |     4 |    12 |    40 |       ||    56
         Punch             |     1 |       |     3 |     2 ||     6
         Dagger            |       |       |   219 |    26 ||   245
    Use: Potion            |     1 |       |     2 |     1 ||     4
         Scroll            |       |     9 |     6 |       ||    15
   Stab: Sleeping          |     7 |     9 |    24 |       ||    40
         Petrifying        |     1 |       |       |       ||     1
         Confused          |       |       |     1 |       ||     1
 Armour: Skin              |    30 |    15 |   118 |    23 ||   186
  Dodge: Dodged            |    37 |    26 |   133 |    18 ||   214

Table legend: (Time is in decaauts)
 A = Elapsed time spent in this place.
 B = Non-inter-level travel time spent in this place.
 C = Inter-level travel time spent in this place.
 D = Time resting spent in this place.
 E = Time spent auto-exploring this place.
 F = Levels seen in this place.
 G = Mean time per level.
                   A        B        C        D        E       F      G
               +--------+--------+--------+--------+--------+-----+--------+
         Total |  13901 |  13707 |    194 |   8166 |   4329 |   9 | 1544.6 |
       Dungeon |  13735 |  13541 |    194 |   8166 |   4214 |   8 | 1716.9 |
         Sewer |    166 |    166 |      0 |      0 |    115 |   1 |  166.0 |
               +--------+--------+--------+--------+--------+-----+--------+

Top non-repeatable levels by time:
     D:1: 8162 daAuts
     D:7: 1378 daAuts
     D:4: 1201 daAuts
     D:5: 891 daAuts
     D:2: 836 daAuts
     D:6: 760 daAuts
     D:3: 463 daAuts
   Sewer: 166 daAuts
     D:8: 41 daAuts
